 Dungeon Crawl Stone Soup version 0.19.0-19-g8c6edcc (webtiles) character file.

95 dysrexia the Changer (level 4, -6/35 HPs)
             Began as a Draconian Transmuter on Nov 12, 2016.
             Was an Initiate of Cheibriados.
             Killed from afar by Sigmund (12 damage)
             ... with a puff of flame
             ... on level 2 of the Dungeon.
             The game lasted 00:05:17 (1384 turns).

dysrexia the Changer (Draconian Transmuter)         Turns: 1384, Time: 00:05:18

Health: -6/35      AC:  6    Str: 13    XL:     4   Next: 39%
Magic:  4/7        EV: 12    Int: 14    God:    Cheibriados [......]
Gold:   81         SH:  0    Dex: 14    Spells: 2 memorised, 4 levels left

rFire  . . .     SeeInvis .       - Unarmed
rCold  . . .     Gourm    .     (armour unavailable)
rNeg   . . .     Faith    .     (no shield)
rPois  .         Spirit   .     (helmet restricted)
rElec  .         Reflect  .     h - +0 cloak
rCorr  .         Harm     .     (no gloves)
MR     .....                    (no boots)
Stlth  +.........               (no amulet)
                                (no ring)
                                (no ring)

@: very slow
A: unfitting armour, cold-blooded, AC +5
a: Bend Time, Renounce Religion


You were on level 2 of the Dungeon.
You worshipped Cheibriados.
Cheibriados was noncommittal.
You were not hungry.

You visited 1 branch of the dungeon, and saw 2 of its levels.

You collected 81 gold pieces.

Inventory:

Missiles
 a - 27 arrows
 e - 30 stones (quivered)
Armour
 h - a +0 cloak (worn)
 m - a +0 buckler
Scrolls
 f - a scroll of noise {unknown}
Potions
 l - a potion of heal wounds
Books
 b - a book of Changes

   Spells                             Type                      Level
   a - Beastly Appendage              Transmutation                1
   b - Sticks to Snakes               Transmutation                2
   c - Spider Form                    Transmutation/Poison         3
   d - Ice Form                       Ice/Transmutation            4
   e - Blade Hands                    Transmutation                5
Comestibles
 c - a bread ration
 d - 11 chunks of flesh


   Skills:
 - Level 1.1 Fighting
 - Level 1.7 Dodging
 + Level 3.9 Unarmed Combat
 - Level 2.0 Spellcasting
 * Level 4.0 Transmutations


You had 4 spell levels left.
You knew the following spells:

 Your Spells              Type           Power        Failure   Level  Hunger
a - Beastly Appendage     Tmut           ##....       4%          1    ##.....
b - Sticks to Snakes      Tmut           ##......     10%         2    ###....


Dungeon Overview and Level Annotations

Branches:
Dungeon (2/15)

Altars:
Cheibriados
Vehumet

Annotations:
D:2 Sigmund


Innate Abilities, Weirdness & Mutations

Your plain brown scales are hard. (AC +5)
You cannot fit into any form of body armour.
You are cold-blooded and may be slowed by cold attacks.


Message History

You hear a zap.
Something hits you but does no damage.
You feel less woody.
Your +0 cloak unmelds from your body.
Something barely misses you. Something hits you.
Things that are here:
a club; a robe The flow of time bends around you.
Cheibriados rebukes something.
You feel slightly more hungry.
You barely miss something.
You hear some strange, mumbled words.
A magic dart appears from out of thin air!
The magic dart hits you!
* * * LOW HITPOINT WARNING * * *
You barely miss something.
You hear some strange, mumbled words.
A puff of flame appears from out of thin air!
The puff of flame hits you!
You die...

#### #..# ########..# .
#........###### #.#
#.######...##.# .... #.#
#..###.# ..... #.# #.@#
#.#......
########.######.{###......?.
#.............#....@......$.
#.######.####.#.######......
#.# #.# #.# ..?... #.# #.#
#. .#..# #.# #.# #. #. .#
#รท# ..# #. #. # #.# .## ##
.#


There were no monsters in sight!

Vanquished Creatures
  Jessica (D:2)
  2 adders
  An ooze (D:2)
  2 dart slugs
  A leopard gecko (D:1)
  4 bats (D:1)
  A giant cockroach (D:1)
  5 goblins
  3 hobgoblins
  10 jackals
  4 kobolds
  2 frilled lizards (D:1)
  3 rats
39 creatures vanquished.

Vanquished Creatures (collateral kills)
  A goblin (D:2)
1 creature vanquished.

Vanquished Creatures (others)
  A dart slug (D:2)
1 creature vanquished.

Grand Total: 41 creatures vanquished

Notes
Turn   | Place    | Note
-------+----------+-------------------------------------------
     0 | D:1      | dysrexia the Draconian Transmuter began the quest for the Orb.
     0 | D:1      | Reached XP level 1. HP: 16/16 MP: 3/3
   254 | D:1      | Reached XP level 2. HP: 21/23 MP: 3/5
   258 | D:1      | Learned a level 2 spell: Sticks to Snakes
   515 | D:1      | Reached skill level 3 in Transmutations
   608 | D:1      | Reached XP level 3. HP: 28/28 MP: 4/6
  1072 | D:2      | Found a radiant altar of Vehumet.
  1175 | D:2      | Found a snail-covered altar of Cheibriados.
  1212 | D:2      | Became a worshipper of Cheibriados the Contemplative
  1308 | D:2      | Noticed Sigmund
  1308 | D:2      | Reached XP level 4. HP: 25/35 MP: 5/7
  1311 | D:2      | Noticed Jessica
  1340 | D:2      | Killed Jessica
  1340 | D:2      | Reached skill level 4 in Transmutations
  1384 | D:2      | Killed from afar by Sigmund

Skill      XL: |  1  2  3  4 |
---------------+-------------+-----
Transmutations | 3 4 |  4.0
Fighting       | |  1.1
Dodging        | |  1.7
Unarmed Combat | |  3.9
Spellcasting   | |  2.0

Action                   |  1- 3 |  4- 6 || total
-------------------------+-------+-------++-------
Melee: Unarmed           |   144 |    19 ||   163
       Tailslap          |    13 |     3 ||    16
       Kick              |     9 |     3 ||    12
       Headbutt          |     2 |       ||     2
 Cast: Beastly Appendage |    16 |     1 ||    17
       Sticks to Snakes  |     1 |     1 ||     2
Invok: Bend Time         |       |     1 ||     1
  Use: Scroll            |     4 |       ||     4
       Potion            |       |     4 ||     4
  Eat: Chunk             |     2 |       ||     2
Armor: Skin              |    50 |    22 ||    72
Dodge: Dodged            |   104 |    10 ||   114
